AoeStats
← 初晴

Arena

509682296Analyzed
4v4 RM · 4d ago on Sep 27, 2026· 33m 31s· 8 players
Game mode
Random Map
Map size
Large (8 player)
Population
200
Speed
Normal
Resources
Standard
Victory
Conquest
Starting age
Dark Age
Ending age
Imperial Age
RankedLock teamsTeams togetherTeam positionsShared explorationLock speedFull tech treeHidden civsTurbo modeCheats
Victory
Defeat
🇨🇳 Khmer · China
1625
+7
🇨🇳 Spanish · China
1621
+7
🇹🇼 Varangians · Taiwan
1497
+11
🇨🇳 Persians · China
1123
+26
🇩🇪 Dravidians · Germany
1430
-14
🇩🇪 Danes · Germany
1415
-14
🇺🇸 Mongols · United States
1367
-12
🇷🇺 Slavs · Russia
1356
-11
IDWARE21
9:23 Feudal Age
14:17 Castle Age
12:31 Horse Collar
12:45 Double-Bit Axe
16:27 Bow Saw
18:07 Loom
18:58 Wheelbarrow
23:54 Heavy Plow
23:50 Stone Mining
23:54 Fletching
25:06 Stone Shaft Mining
24:23 Gold Mining
26:05 Hand Cart
25:37 Town Watch
27:30 Gold Shaft Mining
27:19 Bloodlines
27:10 Husbandry
27:07 Bodkin Arrow
27:14 Padded Archer Armor
27:36 Ballistics
29:46 Masonry
29:48 Fortified Wall
29:34 Murder Holes
30:03 Leather Archer Armor
34:52 Imperial Age
JinSoo
11:13 Feudal Age
14:51 Castle Age
13:10 Double-Bit Axe
14:01 Horse Collar
15:12 Town Watch
16:39 Bow Saw
19:16 Loom
20:07 Heavy Plow
20:13 Fletching
25:17 Wheelbarrow
24:51 Padded Archer Armor
24:47 Gold Mining
25:23 Bodkin Arrow
25:13 Elite Skirmisher
26:55 Hand Cart
27:08 Stone Mining
31:28 Imperial Age
30:10 Leather Archer Armor
30:18 Ballistics
31:29 Thumb Ring
32:10 Bracer
33:14 Chemistry
Warrior
10:42 Feudal Age
15:23 Castle Age
13:47 Double-Bit Axe
14:32 Horse Collar
14:49 Stone Mining
16:23 Bow Saw
16:49 Heavy Plow
21:12 Wheelbarrow
20:26 Loom
20:29 Town Watch
26:49 Imperial Age
24:53 Detinets
25:08 Gold Mining
25:43 Scale Barding Armor
26:09 Pikeman
27:18 Forging
27:40 Scale Mail Armor
Raffgin58
10:46 Feudal Age
14:43 Castle Age
12:40 Double-Bit Axe
13:25 Horse Collar
22:49 Wheelbarrow
22:36 Bow Saw
24:00 Fletching
24:02 Gambesons
24:18 Squires
24:37 Bodkin Arrow
25:31 Arson
25:49 Scale Mail Armor
26:00 Forging
27:15 Hand Cart
27:42 Heavy Plow
27:28 Pikeman
29:18 Chain Mail Armor
29:00 Loom
30:08 Iron Casting
32:26 Imperial Age
34:00 Conscription
zymini
10:06 Feudal Age
12:47 Castle Age
10:50 Double-Bit Axe
11:36 Horse Collar
14:19 Bow Saw
14:54 Heavy Plow
15:49 Gold Mining
15:52 Loom
16:09 Loom
16:51 Stone Mining
17:52 Wheelbarrow
18:45 Loom
20:16 Gold Shaft Mining
23:22 Imperial Age
21:00 Loom
22:35 Scale Barding Armor
22:41 Forging
22:47 Bloodlines
22:38 Husbandry
23:36 Chain Barding Armor
23:53 Hand Cart
23:25 Elite Battle Elephant
28:40 Conscription
30:00 Plate Barding Armor
29:40 Tusk Swords
32:05 Iron Casting
31:21 Fletching
32:04 Coinage
33:38 Banking
34:13 Blast Furnace
jueaadjx
2:21 Loom
12:16 Feudal Age
13:02 Double-Bit Axe
13:04 Horse Collar
35:41 Castle Age
King-WzRun
10:29 Feudal Age
14:24 Castle Age
12:26 Double-Bit Axe
12:52 Horse Collar
15:31 Wheelbarrow
15:31 Bow Saw
20:35 Padded Archer Armor
24:40 Bloodlines
24:30 Husbandry
28:38 Leather Archer Armor
29:18 Heavy Plow
33:59 Imperial Age
31:45 Hand Cart
31:15 Loom
31:16 Town Watch
32:44 Gold Mining
32:46 Stone Mining
33:20 Fletching
初晴
10:09 Feudal Age
13:58 Castle Age
12:02 Horse Collar
12:14 Double-Bit Axe
21:01 Bow Saw
22:23 Heavy Plow
22:15 Gold Mining
23:17 Wheelbarrow
22:31 Loom
27:10 Imperial Age
25:41 Forging
25:36 Scale Barding Armor
26:30 Gold Shaft Mining
25:48 Stone Mining
26:10 Husbandry
26:20 Bloodlines
26:45 Cavalier
28:13 Stone Shaft Mining
28:09 Crop Rotation
28:16 Iron Casting
28:22 Savar
30:52 Blast Furnace
30:12 Chain Barding Armor
Connection lost

Rejoining the realm…

Still unreachable

The connection could not be restored.

Session expired

The server has moved on; the page needs a fresh start.